Workbook
Name Groupes: Feuil1!$C$2:$C$41

Sheet Feuil3
B1: CLIENTS | C1: GROUPE | F1: LACOUR SAS - Delphine RIZZARELLO
B2: {=IF(ROWS(B$2:B2)<=COUNTIF(Feuil2!$A$2:$A$839,$C$3),INDEX(Feuil2!$B$2:$B$839,SMALL(IF(Feuil2!$A$2:$A$839=$C$3,ROW(Feuil2!$A$2:$A$839)-ROW(Feuil2!$A$2)+1),ROWS(B$2:B2))),"")} -> ATAC 00206 STRASB FRAIS 014622
B3: {=IF(ROWS(B$2:B3)<=COUNTIF(Feuil2!$A$2:$A$839,$C$3),INDEX(Feuil2!$B$2:$B$839,SMALL(IF(Feuil2!$A$2:$A$839=$C$3,ROW(Feuil2!$A$2:$A$839)-ROW(Feuil2!$A$2)+1),ROWS(B$2:B3))),"")} -> ATAC 00210 CHILLY FRAIS | C3: ATAC
B4: {=IF(ROWS(B$2:B4)<=COUNTIF(Feuil2!$A$2:$A$839,$C$3),INDEX(Feuil2!$B$2:$B$839,SMALL(IF(Feuil2!$A$2:$A$839=$C$3,ROW(Feuil2!$A$2:$A$839)-ROW(Feuil2!$A$2)+1),ROWS(B$2:B4))),"")} -> ATAC 00221 COURNON FRAIS
B5: {=IF(ROWS(B$2:B5)<=COUNTIF(Feuil2!$A$2:$A$839,$C$3),INDEX(Feuil2!$B$2:$B$839,SMALL(IF(Feuil2!$A$2:$A$839=$C$3,ROW(Feuil2!$A$2:$A$839)-ROW(Feuil2!$A$2)+1),ROWS(B$2:B5))),"")} -> ATAC 00227 VALENCE FRAIS
B6: {=IF(ROWS(B$2:B6)<=COUNTIF(Feuil2!$A$2:$A$839,$C$3),INDEX(Feuil2!$B$2:$B$839,SMALL(IF(Feuil2!$A$2:$A$839=$C$3,ROW(Feuil2!$A$2:$A$839)-ROW(Feuil2!$A$2)+1),ROWS(B$2:B6))),"")}
B7: {=IF(ROWS(B$2:B7)<=COUNTIF(Feuil2!$A$2:$A$839,$C$3),INDEX(Feuil2!$B$2:$B$839,SMALL(IF(Feuil2!$A$2:$A$839=$C$3,ROW(Feuil2!$A$2:$A$839)-ROW(Feuil2!$A$2)+1),ROWS(B$2:B7))),"")}
B8: {=IF(ROWS(B$2:B8)<=COUNTIF(Feuil2!$A$2:$A$839,$C$3),INDEX(Feuil2!$B$2:$B$839,SMALL(IF(Feuil2!$A$2:$A$839=$C$3,ROW(Feuil2!$A$2:$A$839)-ROW(Feuil2!$A$2)+1),ROWS(B$2:B8))),"")}
B9: {=IF(ROWS(B$2:B9)<=COUNTIF(Feuil2!$A$2:$A$839,$C$3),INDEX(Feuil2!$B$2:$B$839,SMALL(IF(Feuil2!$A$2:$A$839=$C$3,ROW(Feuil2!$A$2:$A$839)-ROW(Feuil2!$A$2)+1),ROWS(B$2:B9))),"")}
B10: {=IF(ROWS(B$2:B10)<=COUNTIF(Feuil2!$A$2:$A$839,$C$3),INDEX(Feuil2!$B$2:$B$839,SMALL(IF(Feuil2!$A$2:$A$839=$C$3,ROW(Feuil2!$A$2:$A$839)-ROW(Feuil2!$A$2)+1),ROWS(B$2:B10))),"")}
B11: {=IF(ROWS(B$2:B11)<=COUNTIF(Feuil2!$A$2:$A$839,$C$3),INDEX(Feuil2!$B$2:$B$839,SMALL(IF(Feuil2!$A$2:$A$839=$C$3,ROW(Feuil2!$A$2:$A$839)-ROW(Feuil2!$A$2)+1),ROWS(B$2:B11))),"")}
B12: {=IF(ROWS(B$2:B12)<=COUNTIF(Feuil2!$A$2:$A$839,$C$3),INDEX(Feuil2!$B$2:$B$839,SMALL(IF(Feuil2!$A$2:$A$839=$C$3,ROW(Feuil2!$A$2:$A$839)-ROW(Feuil2!$A$2)+1),ROWS(B$2:B12))),"")}
B13: {=IF(ROWS(B$2:B13)<=COUNTIF(Feuil2!$A$2:$A$839,$C$3),INDEX(Feuil2!$B$2:$B$839,SMALL(IF(Feuil2!$A$2:$A$839=$C$3,ROW(Feuil2!$A$2:$A$839)-ROW(Feuil2!$A$2)+1),ROWS(B$2:B13))),"")}
B14: {=IF(ROWS(B$2:B14)<=COUNTIF(Feuil2!$A$2:$A$839,$C$3),INDEX(Feuil2!$B$2:$B$839,SMALL(IF(Feuil2!$A$2:$A$839=$C$3,ROW(Feuil2!$A$2:$A$839)-ROW(Feuil2!$A$2)+1),ROWS(B$2:B14))),"")}
B15: {=IF(ROWS(B$2:B15)<=COUNTIF(Feuil2!$A$2:$A$839,$C$3),INDEX(Feuil2!$B$2:$B$839,SMALL(IF(Feuil2!$A$2:$A$839=$C$3,ROW(Feuil2!$A$2:$A$839)-ROW(Feuil2!$A$2)+1),ROWS(B$2:B15))),"")}
... B100: {=IF(ROWS(B$2:B100)<=COUNTIF(Feuil2!$A$2:$A$839,$C$3),INDEX(Feuil2!$B$2:$B$839,SMALL(IF(Feuil2!$A$2:$A$839=$C$3,ROW(Feuil2!$A$2:$A$839)-ROW(Feuil2!$A$2)+1),ROWS(B$2:B100))),"")}

Sheet Feuil2
A1: Groupe société | B1: Clients
A2: AGRIAL | B2: AGRIAL OP LEGUMES
A3: AGRIAL | B3: VEGA MAYOR SL
A4: AGRIAL | B4: SOLECO SAS
A5: ATAC | B5: ATAC 00206 STRASB FRAIS 014622
A6: ATAC | B6: ATAC 00210 CHILLY FRAIS
A7: ATAC | B7: ATAC 00221 COURNON FRAIS
A8: ATAC | B8: ATAC 00227 VALENCE FRAIS
A9: AUCHAN | B9: SCOFEL COMMUNAY 097 SA
A10: AUCHAN | B10: SCOFEL LOMME
A11: AUCHAN | B11: SCOFEL NOVES 075 SA
A12: AUCHAN | B12: SCOFEL PARIS 073 SA
... A839: VIVALYA | B839: VIALE ET DUMAY SARL

Sheet Feuil1
C1: Groupes
A2: AGRIAL | C2: AGRIAL
A3: AUCHAN | C3: ATAC
A4: AUTRES GASC | C4: AUCHAN
A5: ATAC | C5: AUTRES GASC
A6: BONDUELLE | C6: BONDUELLE
A7: CARREFOUR | C7: CARREFOUR
A8: CASINO | C8: CASINO
A9: CONCURRENTS | C9: CONCURRENTS
A10: COOP DE NORMANDIE | C10: COOP DE NORMANDIE
A11: COOP REGIONALE | C11: COOP REGIONALE
A12: COURTIERS | C12: CRENO
A13: CRENO | C13: EURALIS GROUPE
... A41: SCAFRUITS | C41: VIVALYA
A42: SODEBO
A43: SYSTEME U
A44: TRANSPORTEURS
A45: TURENNE LAFAYETTE
A46: VIVALYA
